 Dungeon Crawl Stone Soup version 0.21.1-1-g345015fe64 (webtiles) character file.

11405 Kejsarherre the Cleaver (level 12, -5/87 HPs)
             Began as a Formicid Gladiator on May 12, 2018.
             Was the Champion of Okawaru.
             Slain by a manticore (11 damage)
             ... on level 11 of the Dungeon.
             The game lasted 00:22:11 (8315 turns).

Kejsarherre the Cleaver (Formicid Gladiator)        Turns: 8315, Time: 00:22:11

Health: -5/87      AC: 12    Str: 20    XL:     12   Next: 7%
Magic:  0/24       EV: 14    Int: 14    God:    Okawaru [******]
Gold:   237        SH: 11    Dex: 12    Spells: 11/11 levels left

rFire    + . .     SeeInvis +   F - +0 battleaxe
rCold    . . .     Gourm    .   r - +0 shield
rNeg     . . .     Faith    .   E - +3 ring mail {rF+}
rPois    .         Spirit   +   (helmet unavailable)
rElec    .         Reflect  .   h - scarf {Spirit}
rCorr    .         Harm     .   u - +0 pair of gloves
MR       +....                  o - +0 pair of boots
Stlth    +.........             t - amulet of regeneration
HPRegen  0.64/turn              e - +2 ring of intelligence
MPRegen  0.19/turn              A - ring of magical power

@: no status effects
A: permanent stasis, dig shafts and tunnels, four strong arms, antennae 3
a: Dig, Shaft Self, Heroism, Finesse, Renounce Religion


You were on level 11 of the Dungeon.
You worshipped Okawaru.
Okawaru was exalted by your worship.
You were not hungry.

You visited 1 branch of the dungeon, and saw 13 of its levels.

You collected 530 gold pieces.
You spent 293 gold pieces at shops.

Inventory:

Hand Weapons
 a - a +0 war axe
 F - a +0 battleaxe (weapon)
Missiles
 G - 2 throwing nets (quivered)
Armour
 h - a scarf of spirit shield (worn)
 o - a +0 pair of boots (worn)
 r - a +0 shield (worn)
 u - a +0 pair of gloves (worn)
 E - a +3 ring mail of fire resistance (worn)
 J - a +0 plate armour
Jewellery
 e - a +2 ring of intelligence (left hand)
 t - an amulet of regeneration (around neck)
 w - a +5 amulet of reflection
 A - a ring of magical power (right hand)
Wands
 n - a wand of paralysis (20)
 p - a wand of random effects (16)
Scrolls
 b - 4 scrolls of magic mapping
 i - a scroll of fog
 j - 5 scrolls of remove curse
 l - a scroll of summoning
 m - 3 scrolls of fear
 x - a scroll of immolation {unknown}
 y - a scroll of enchant armour
 z - 3 scrolls of amnesia
 K - a scroll of random uselessness {unknown}
Potions
 c - a potion of ambrosia
 f - 6 potions of curing
 k - 2 potions of brilliance
 q - 5 potions of flight
 s - a potion of cancellation
 v - 2 potions of lignification
 C - a potion of magic {unknown}
 H - a potion of agility {unknown}
Books
 g - a book of Conjurations

   Spells                             Type                      Level
   a - Magic Dart                     Conjuration                  1
   b - Searing Ray                    Conjuration                  2
   c - Dazzling Spray                 Conjuration/Hexes            3
   d - Fulminant Prism                Conjuration/Hexes            4
   e - Force Lance                    Conjuration/Translocation    4
   f - Iskenderun's Mystic Blast      Conjuration                  4
 B - a book of Air

   Spells                             Type                      Level
   a - Shock                          Conjuration/Air              1
   b - Swiftness                      Charms/Air                   2
   c - Static Discharge               Conjuration/Air              3
   d - Airstrike                      Air                          4
   e - Lightning Bolt                 Conjuration/Air              5
 D - a book of Enchantments

   Spells                             Type                      Level
   a - Cause Fear                     Hexes                        4
   b - Yara's Violent Unravelling     Hexes/Transmutation          5
   c - Silence                        Hexes/Air                    5
   d - Deflect Missiles               Charms/Air                   6
   e - Discord                        Hexes                        8
 I - a book of Beasts

   Spells                             Type                      Level
   a - Summon Butterflies             Summoning                    1
   b - Call Canine Familiar           Summoning                    3
   c - Summon Ice Beast               Ice/Summoning                4
   d - Summon Mana Viper              Hexes/Summoning              5
   e - Summon Hydra                   Summoning                    7
Comestibles
 d - 15 rations
 L - a chunk of flesh


   Skills:
 + Level 5.6 Fighting
 - Level 12.9 Axes
 - Level 2.0 Throwing
 + Level 6.7 Armour
 - Level 6.2 Dodging
 - Level 9.0 Shields
 + Level 4.5 Invocations


You had 11 spell levels left.
You didn't know any spells.

Dungeon Overview and Level Annotations

Branches:
Dungeon (13/15)            Temple (0/1) D:4
   Lair: D:8-11         Orc: D:9-12      Vaults: D:13-14

Altars:
Cheibriados
Kikubaaqudgha
Okawaru
Qazlal
Trog
Uskayaw
Vehumet
Xom
Zin
The Shining One

Shops:
D:6 [   D:7 ?   D:8 [


Innate Abilities, Weirdness & Mutations

You cannot be hasted, slowed, berserked, paralysed or teleported.
You can dig through walls and to a lower floor.
Your four strong arms can wield two-handed weapons with a shield.
You have a pair of large antennae on your head. (SInv)


Message History

The manticore is almost dead.
You hit the yak. You barely miss the yak. The yak closely misses you.
The manticore misses you. You block the manticore's attack. x2
The yak gores you.
Unknown command.
You barely miss the manticore.
The manticore is almost dead.
You slash the yak!
You kill the yak!
Okawaru accepts your kill.
You hit the yak but do no damage. The yak gores you!
* * * LOW HITPOINT WARNING * * *
The manticore bites you!
* * * LOW HITPOINT WARNING * * *
The manticore barely misses you. x2
Unknown command.
You feel better. The yak barely misses you. The manticore bites you!
* * * LOW HITPOINT WARNING * * *
The manticore closely misses you. The manticore claws you!
You die...

#...##### #.
.#...######## +..
....+.......
#...#...#......#
#...#..........#
+....8...8.....#
#....[[.[......#
#.8.[.@H..8...#
#....Y))......#
#...8...8.....#
##.............#
........).......
###.....)...##...
######.#### ...
#.# .. #..


You could see a manticore and a yak.

Vanquished Creatures
  A centaur warrior (D:13)
  A two-headed ogre (D:10)
  Joseph (D:8)
  An efreet (D:13)
  A merfolk (D:9)
  A hornet (D:10)
  3 trolls (D:9)
  A slime creature (D:5)
  A meliai zombie (D:13)
  2 hippogriffs
  The ghost of VanClaymore the Skirmisher, an amateur GrMo (D:4)
  Sigmund (D:3)
  A yak (shapeshifter) (D:13)
  14 yaks
  An acid dragon (D:13)
  2 water moccasins
  4 orc warriors
  Purgy (D:3)
  A hornet zombie (D:11)
  3 ice beasts
  3 sky beasts
  A phantom (D:9)
  5 ogres
  A necrophage (D:9)
  5 centaurs
  A crocodile (D:9)
  A big kobold (D:5)
  2 bullfrogs (D:9)
  2 scorpions
  8 wights
  6 howler monkeys
  4 crimson imps
  7 jellies
  A quasit (D:9)
  A bullfrog zombie (D:5)
  2 hounds
  4 orc priests
  A gnoll shaman (D:7)
  A bullfrog skeleton (D:4)
  Jessica (D:2)
  3 centaur skeletons
  3 iguanas
  Natasha (thrice) (D:4)
  10 orc wizards
  3 worker ants
  A killer bee zombie (D:7)
  3 hound skeletons
  A hound zombie (D:5)
  6 gnolls
  A worker ant zombie (D:9)
  7 adders
  3 shadow imps
  3 oozes
  An adder zombie (D:8)
  2 worms
  3 dart slugs (D:1)
  9 leopard geckos
  36 orcs
  6 giant cockroaches
  2 hobgoblins
  12 jackals
  15 kobolds
  2 quokkas
  7 bats
  4 frilled lizards
  11 goblins
  A jackal zombie (D:6)
  6 rats
263 creatures vanquished.

Vanquished Creatures (others)
  4 fungi (D:5)
  5 toadstools (D:5)
9 creatures vanquished.

Grand Total: 272 creatures vanquished

Notes
Turn   | Place    | Note
-------+----------+-------------------------------------------
     0 | D:1      | Kejsarherre the Formicid Gladiator began the quest for the Orb.
     0 | D:1      | Reached XP level 1. HP: 16/16 MP: 1/1
    33 | D:1      | You fall through a shaft!
    34 | D:2      | Found an iron altar of Okawaru.
    38 | D:2      | Became a worshipper of Warmaster Okawaru
   381 | D:1      | Reached XP level 2. HP: 20/23 MP: 2/2
   565 | D:1      | Reached XP level 3. HP: 19/29 MP: 0/3
  1015 | D:2      | Noticed Jessica
  1023 | D:2      | Killed Jessica
  1023 | D:2      | Reached skill level 4 in Axes
  1023 | D:2      | Reached XP level 4. HP: 33/36 MP: 4/4
  1607 | D:3      | Noticed Purgy
  1623 | D:3      | Killed Purgy
  1623 | D:3      | Reached XP level 5. HP: 38/43 MP: 3/5
  1698 | D:3      | Noticed Sigmund
  1717 | D:3      | Killed Sigmund
  1717 | D:3      | Reached * piety under Okawaru
  1717 | D:3      | Reached skill level 5 in Fighting
  1717 | D:3      | Reached skill level 5 in Axes
  1717 | D:3      | Reached XP level 6. HP: 48/51 MP: 6/6
  1910 | D:3      | Found a stormy altar of Qazlal.
  2051 | D:4      | Reached XP level 7. HP: 56/56 MP: 7/7
  2176 | D:4      | Reached skill level 6 in Axes
  2372 | D:4      | Reached skill level 7 in Axes
  2389 | D:4      | Reached XP level 8. HP: 60/63 MP: 6/8
  2515 | D:4      | Found a shimmering altar of Xom.
  2549 | D:4      | Reached ** piety under Okawaru
  2603 | D:4      | Noticed VanClaymore's ghost (amateur GrMo)
  2605 | D:4      | Noticed Natasha
  2661 | D:4      | Killed VanClaymore's ghost
  2661 | D:4      | Reached skill level 8 in Axes
  2700 | D:4      | Killed Natasha
  2740 | D:4      | Found a staircase to the Ecumenical Temple.
  2842 | D:4      | You fall through a shaft for 2 floors!
  3002 | D:5      | Entered Level 5 of the Dungeon
  3379 | D:6      | Reached skill level 9 in Axes
  3412 | D:6      | Reached skill level 1 in Shields
  3422 | D:6      | Found Tuaq's Armour Emporium.
  3434 | D:6      | Bought a +0 pair of gloves for 54 gold pieces
  3531 | D:5      | Reached skill level 1 in Armour
  3705 | D:5      | Noticed a slime creature
  3732 | D:5      | Killed a slime creature
  3732 | D:5      | Reached XP level 9. HP: 37/68 MP: 5/9
  3900 | D:5      | Reached skill level 5 in Shields
  4178 | D:5      | Reached *** piety under Okawaru
  4333 | D:4      | Noticed Natasha
  4339 | D:4      | Killed Natasha
  4375 | D:4      | Noticed Natasha
  4381 | D:4      | Killed Natasha
  4601 | D:6      | Found a bloodstained altar of Trog.
  4927 | D:6      | Found a snail-covered altar of Cheibriados.
  5306 | D:5      | Got a transparent ring mail
  5317 | D:5      | Identified the +4 ring mail of Shadows and Fog {*Drain rCorr MP-9 SInv} (You found it on level 5 of the Dungeon)
  5503 | D:7      | Noticed a hippogriff
  5514 | D:7      | Killed a hippogriff
  5552 | D:7      | Found a glowing golden altar of the Shining One.
  5633 | D:7      | Found Riuqotul's Magic Scroll Emporium.
  5645 | D:7      | Reached XP level 10. HP: 53/74 MP: 8/10
  5668 | D:7      | Bought a scroll of fog for 26 gold pieces
  5668 | D:7      | Bought a scroll of amnesia for 45 gold pieces
  5668 | D:7      | Bought a scroll of summoning for 123 gold pieces
  5668 | D:7      | Bought a scroll of fear for 45 gold pieces
  5692 | D:7      | Found a glowing golden altar of the Shining One.
  5813 | D:7      | Found a radiant altar of Vehumet.
  6158 | D:8      | Noticed Joseph
  6182 | D:8      | Killed Joseph
  6182 | D:8      | Reached **** piety under Okawaru
  6182 | D:8      | Reached skill level 5 in Armour
  6182 | D:8      | Reached skill level 5 in Dodging
  6292 | D:8      | Found Dedghun's Antique Armour Shoppe.
  6510 | D:8      | Found a glowing silver altar of Zin.
  6517 | D:8      | Found a shimmering altar of Xom.
  6531 | D:8      | Found a hide-covered altar of Uskayaw.
  6621 | D:8      | Found an ancient bone altar of Kikubaaqudgha.
  6636 | D:8      | Found a stormy altar of Qazlal.
  6997 | D:9      | Reached ***** piety under Okawaru
  7239 | D:9      | Reached skill level 10 in Axes
  7239 | D:9      | Reached XP level 11. HP: 79/79 MP: 11/11
  7425 | D:9      | Reached skill level 11 in Axes
  7659 | D:9      | Received a gift from Okawaru
  7702 | D:10     | Entered Level 10 of the Dungeon
  7949 | D:10     | Noticed a two-headed ogre
  7961 | D:10     | Killed a two-headed ogre
  7961 | D:10     | Received a gift from Okawaru
  7961 | D:10     | Reached skill level 12 in Axes
  8023 | D:10     | You fall through a shaft for 3 floors!
  8023 | D:13     | Noticed a centaur warrior
  8050 | D:13     | Killed a centaur warrior
  8201 | D:11     | Reached skill level 1 in Invocations
  8220 | D:11     | Noticed a manticore
  8234 | D:12     | Reached XP level 12. HP: 52/86 MP: 11/15
  8309 | D:11     | Reached ****** piety under Okawaru
  8315 | D:11     | Slain by a manticore

Skill      XL: |  1  2  3  4  5  6  7  8  9 10 11 |
---------------+----------------------------------+-----
Fighting       | 3 4 5 |  5.6
Axes           | 4 5 7 9 10 12 | 12.9
Shields        | 3 7 9 |  9.0
Armour         | 2 4 6 |  6.7
Dodging        | 3 4 6 |  6.2
Invocations    | 4 |  4.5
Throwing       | |  2.0

Action                   |  1- 3 |  4- 6 |  7- 9 | 10-12 || total
-------------------------+-------+-------+-------+-------++-------
Melee: War axe           |    86 |   101 |   401 |   312 ||   900
       Battleaxe         |       |       |       |   236 ||   236
Throw: Throwing net      |       |     4 |       |     2 ||     6
Invok: Heroism           |       |       |     2 |     5 ||     7
 Abil: Shaft Self        |     1 |       |       |       ||     1
       Dig               |       |       |     1 |     1 ||     2
Evoke: Wand              |       |       |     2 |       ||     2
  Use: Scroll            |       |     5 |       |    10 ||    15
       Potion            |       |       |     2 |     5 ||     7
 Stab: Held in net/web   |       |     1 |       |       ||     1
       Paralysed         |       |       |     1 |       ||     1
  Eat: Chunk             |     1 |     3 |    12 |    10 ||    26
Armor: Leather armour    |    34 |    10 |       |       ||    44
       Troll leather arm |       |    12 |    49 |       ||    61
       Skin              |       |       |     4 |       ||     4
       Chain mail        |       |       |    18 |    10 ||    28
       Ring mail         |       |       |       |   158 ||   158
Dodge: Dodged            |    66 |    76 |   167 |   327 ||   636
Block: Shield            |       |       |   171 |   424 ||   595
       Other             |       |       |     4 |       ||     4
       Reflection        |       |       |     4 |       ||     4
